AoeStats
← 广域静默

QS Arena

503264288Analyzed
1v1 RM · 10d ago on Aug 30, 2026· 70m 16s· 2 players
Game mode
Random Map
Map size
Tiny (2 player)
Population
200
Speed
Normal
Resources
Standard
Victory
Conquest
Starting age
Dark Age
Ending age
Imperial Age
RankedLock teamsTeams togetherTeam positionsShared explorationLock speedFull tech treeHidden civsTurbo modeCheats
Victory
Defeat
🇨🇳 Britons · China
962
+18
998
-18
广域静默
7:13 Feudal Age
9:57 Wheelbarrow
9:40 Double-Bit Axe
9:37 Horse Collar
16:57 Castle Age
15:06 Fletching
17:37 Scale Mail Armor
23:36 Gold Mining
23:37 Stone Mining
24:35 Crossbowman
26:14 Bow Saw
27:38 Ballistics
30:37 Imperial Age
28:23 Hand Cart
27:53 Town Watch
28:54 Bodkin Arrow
29:00 Padded Archer Armor
31:27 Leather Archer Armor
32:21 Chemistry
32:19 Yeomen
31:35 Pikeman
32:21 Elite Skirmisher
34:51 Conscription
34:32 Warwolf
36:04 Gold Shaft Mining
35:47 Squires
36:39 Arbalester
38:02 Bracer
38:33 Ring Archer Armor
40:17 Elite Longbowman
41:33 Siege Engineers
41:53 Onager
43:35 Herbal Medicine
45:37 Forging
45:43 Chain Mail Armor
45:39 Halberdier
47:56 Arson
48:51 Iron Casting
48:46 Plate Mail Armor
49:46 Capped Ram
58:40 Blast Furnace
57:48 Scale Barding Armor
59:07 Light Cavalry
59:47 Husbandry
59:08 Cavalier
59:50 Man-at-Arms
60:15 Gambesons
61:09 Chain Barding Armor
68:53 Arrowslits
Szokollu Musztafa Budai Pasha
9:10 Feudal Age
12:57 Castle Age
12:01 Double-Bit Axe
11:58 Horse Collar
14:34 Bow Saw
17:26 Gold Mining
20:59 Wheelbarrow
21:34 Heavy Plow
23:27 Stone Mining
23:55 Hand Cart
27:41 Imperial Age
24:59 Loom
26:02 Padded Archer Armor
25:53 Fletching
27:42 Gold Shaft Mining
27:24 Hand Cart
26:38 Elite Skirmisher
27:36 Leather Archer Armor
27:46 Ballistics
28:20 Fortified Wall
28:56 Bodkin Arrow
30:21 Thumb Ring
30:20 Bracer
31:23 Chemistry
30:59 Masonry
31:36 Conscription
31:41 Counterweights
33:21 Onager
35:31 Ring Archer Armor
34:56 Treadmill Crane
35:43 Scale Barding Armor
37:32 Husbandry
37:42 Bloodlines
36:53 Light Cavalry
38:11 Chain Barding Armor
38:37 Hussar
41:44 Siege Onager
48:19 Capped Ram
49:36 Coinage
49:15 Siege Ram
53:03 Two-Man Saw
Connection lost

Rejoining the realm…

Still unreachable

The connection could not be restored.

Session expired

The server has moved on; the page needs a fresh start.